 Dungeon Crawl Stone Soup version 0.27.0-1-g7a089689b8 (webtiles) character file.

Game seed: 13924614167215413379

43 horus123 the Vexing (level 3, -1/20 HPs)
             Began as a Deep Elf Arcane Marksman on Aug 2, 2021.
             Slain by a hobgoblin (4 damage)
             ... led by Robin
             ... on level 2 of the Dungeon on Aug 3, 2021.
             The game lasted 00:06:46 (1135 turns).

horus123 the Vexing (Deep Elf Arcane Marksman)      Turns: 1135, Time: 00:06:48

Health: -1/20      AC:  2    Str:  7    XL:     3   Next: 37%
Magic:  3/9        EV: 12    Int: 17    God:
Gold:   48         SH:  0    Dex: 16    Spells: 4/7 levels left

rFire    . . .     SeeInvis +   a - +0 shortbow
rCold    + . .     Faith    .   (shield currently unavailable)
rNeg     . . .     Spirit   .   d - +0 robe
rPois    .         Reflect  .   (no helmet)
rElec    .         Harm     .   (no cloak)
rCorr    .         Rampage  .   (no gloves)
Will     .....                  (no boots)
Stlth    +.........             (no amulet)
HPRegen  0.06/turn              g - ring of see invisible
MPRegen  0.11/turn              (no ring)

@: no status effects
A: cold resistance 1
a: no special abilities


You were on level 2 of the Dungeon.
You visited 1 branch of the dungeon, and saw 2 of its levels.

You collected 48 gold pieces.

Inventory:

Hand Weapons
 a - a +0 shortbow (weapon)
Missiles
 c - 9 arrows (quivered ammo)
Armour
 d - a +0 robe (worn)
Magical Staves
 e - a staff of air
Jewellery
 g - a ring of see invisible (left hand)
Scrolls
 b - a scroll of amnesia
 f - a scroll of blinking
 h - a scroll of vulnerability {unknown}


   Skills:
 + Level 0.7 Fighting
 + Level 3.7 Bows
 + Level 2.4 Dodging
 + Level 2.8 Spellcasting
 + Level 4.7 Hexes


You had 4 spell levels left.
You knew the following spells:

 Your Spells              Type           Power      Damage    Failure   Level
a - Corona                Hex            20%        N/A       2%          1
b - Slow                  Hex            18%        N/A       3%          2

Your spell library contained the following spells:

 Spells                   Type           Power      Damage    Failure   Level
 Confusing Touch          Hex            18%        N/A       8%          3
 Sandblast                Erth           4%         2d4       19%         1
 Inner Flame              Hex/Fire       10%        N/A       21%         3
 Portal Projectile        Hex/Tloc       20%        N/A       21%         3
 Passwall                 Tmut/Erth      1%         N/A       26%         2
 Cause Fear               Hex            9%         N/A       26%         4
 Yara's Violent Unravell  Hex/Tmut       5%         3d4       88%         5
 Lee's Rapid Deconstruct  Erth           1%         3d5*      99%         5


Dungeon Overview and Level Annotations

Branches:
Dungeon (2/15)

Altars:


Innate Abilities, Weirdness & Mutations

Your flesh is cold resistant. (rC+)


Message History

Press: ? - help, Q - select action, (/) - cycle Shift-Dir - straight line, f/p - Robin
Aim: Robin, wielding a +0 spear, wearing a +0 animal skin and wearing a +0 helmet (lightly wounded, slow, 68% to hit)
You shoot an arrow. The arrow closely misses Robin.
The arrow hits the hobgoblin.
The hobgoblin is heavily wounded.
Fire: 13 arrows
Press: ? - help, Q - select action, (/) - cycle Shift-Dir - straight line, f/p - Robin
Aim: Robin, wielding a +0 spear, wearing a +0 animal skin and wearing a +0 helmet (lightly wounded, slow, 68% to hit)
You shoot an arrow. The arrow hits Robin!
Robin is severely wounded.
Robin closely misses you.
Fire: 12 arrows
Press: ? - help, Q - select action, (/) - cycle Shift-Dir - straight line, f/p - Robin
Aim: Robin, wielding a +0 spear, wearing a +0 animal skin and wearing a +0 helmet (severely wounded, slow, 68% to hit)
You shoot an arrow. The arrow hits Robin.
You kill Robin!
The hobgoblin no longer looks unusually strong.
Fire: 11 arrows
Press: ? - help, Q - select action, (/) - cycle Shift-Dir - straight line, f - hobgoblin
Aim: a hobgoblin (heavily wounded, 60% to hit)
You shoot an arrow. The arrow closely misses the hobgoblin.
The arrow barely misses the hobgoblin.
The arrow hits the goblin but does no damage.
The goblin no longer looks unusually strong.
Fire: 10 arrows
Press: ? - help, Q - select action, (/) - cycle Shift-Dir - straight line, f/p - hobgoblin
Aim: a hobgoblin (heavily wounded, 60% to hit)
You shoot an arrow. The arrow closely misses the hobgoblin.
The arrow hits the hobgoblin but does no damage.
The hobgoblin hits you.
* * * LOW HITPOINT WARNING * * *
Casting: Corona (safe; 2% risk of failure)
Confirm with . or Enter, or press ? or * to list all spells.
Aiming: Slow (safe; 3% risk of failure)
Press: ? - help, Shift-Dir - straight line, f/p - hobgoblin
Aim: a hobgoblin (heavily wounded, chance to affect: 73%)
The hobgoblin seems to slow down.
The goblin no longer looks unusually strong.
The hobgoblin hits you.
You die...

#.......# #......# #.#.#
#.......######......####.#.#
#............+......'.....<#
#..g....# #......####.#.#
#.......# #.........#...#
#..g....# #####.###.#####.#
#.......# #.# #.......#
#......g##########.#
#########
#.....(gggggg@.....#
#.......############
#########


You could see 3 hobgoblins and 4 goblins.

Vanquished Creatures
  Robin (D:2)
  An adder (D:2)
  4 dart slugs
  A giant cockroach (D:1)
  2 goblins (D:1)
  2 kobolds
  4 ball pythons (D:1)
  2 bats (D:1)
  2 rats (D:1)
19 creatures vanquished.

Notes
Turn   | Place    | Note
-------+----------+-------------------------------------------
     0 | D:1      | horus123 the Deep Elf Arcane Marksman began the quest for
                  | the Orb.
     0 | D:1      | Reached XP level 1. HP: 11/11 MP: 5/5
   212 | D:1      | Identified a scroll of acquirement
   212 | D:1      | Acquired a book of Misfortune
   387 | D:1      | Reached XP level 2. HP: 16/16 MP: 4/6
   402 | D:1      | Learned a level 2 spell: Slow
   500 | D:1      | Gained mutation: Your flesh is cold resistant. (rC+)
                  | [potion of mutation]
   879 | D:1      | Found a faded altar of an unknown god.
   960 | D:2      | Noticed Robin
  1117 | D:2      | Reached XP level 3. HP: 9/20 MP: 8/8
  1132 | D:2      | Killed Robin
  1135 | D:2      | Slain by a hobgoblin

Illustrated notes

Levels and vault maps discovered:
D:1:      minmay_arrival_solitary_statue, layout_basic,
          chequers_ecumenical_altar_lobes
D:2:      layout_basic, basic_altar, uniq_robin

Skill      XL: |  1  2 |
---------------+-------+-----
Bows           | 3 |  3.7
Spellcasting   | 2 |  2.8
Fighting       | |  0.7
Dodging        | |  2.4
Hexes          | |  4.7

Action                   || total
-------------------------++-------
 Fire: Shortbow          ||    41
 Cast: Corona            ||     9
       Slow              ||     8
  Use: Scroll            ||     3
       Potion            ||     1
Armor: Robe              ||     3
Dodge: Dodged            ||    11
